Rocket vs Rampage
Created - February 2, 2022 at 19:31
Goals
|
Rocket |
2 |
1 |
2 |
5 |
Rampage |
0 |
2 |
0 |
2 |
|
Shots
|
Rocket |
14 |
9 |
7 |
30 |
Rampage |
9 |
18 |
11 |
38 |
|
1st period
1. Rocket , Mattias Tedenby 13 (Adrian Kempe 16, Corey Trivino 17) at 8:43
2. Rocket , Brandon Pirri 8 (Adam Fox 10) at 15:40
Penalties :
Kole Sherwood (Lav) for Tripping (Minor) at 5:54, Viktor Loov (Lav) for Tripping (Minor) at 18:59
2nd period
3. Rocket , Ty Rattie 2 (Jakub Vrana 5, Mason Appleton 1) at 6:50
4. Rampage , Jack Roslovic 7 (Timo Meier 13, Brendan Lemieux 10) at 15:12
5. Rampage , Timo Meier 10 (Jack Roslovic 10, Brendan Lemieux 11) at 18:52
Penalties :
Adam Fox (Lav) for Tripping (Minor) at 19:09
3rd period
6. Rocket , Adam Fox 2 (Brandon Pirri 13, Igor Shesterkin) at 12:22 (PP)
7. Rocket , Sergey Tolchinsky 4 (Andrei Mironov 6, Viktor Loov 10) at 19:26
Penalties :
Jack Roslovic (San) for Hooking (Minor) at 2:17, Tony DeAngelo (San) for Tripping (Minor) at 4:41, Ryan Lomberg (San) for Holding (Minor) at 11:49, Brendan Lemieux (San) for Hooking (Minor) at 19:49
Goalie Stats
Igor Shesterkin (Lav), 36 saves from 38 shots - (0.947), W, 6-5-0, 60:00 minutes
Elvis Merzlikins (San), 25 saves from 30 shots - (0.833), L, 10-7-4, 60:00 minutes
Players Stats for Rocket
Player Name G A P +/- PIM S H SB GA TA FO MP PP MP PK MP
------------------------------------------------------------------------------------
Adam Fox 1 1 2 1 2 3 0 1 1 0 0/0 19:59 3:09 0:00
Adrian Kempe 0 1 1 1 0 0 3 0 0 0 1/1 18:38 2:38 0:23
Andrei Mironov 0 1 1 1 0 3 1 4 0 1 0/0 24:59 1:32 2:49
Andrey Pedan 0 0 0 0 0 0 0 3 0 0 0/0 17:51 1:32 2:49
Brandon Pirri 1 1 2 1 0 3 0 0 0 0 0/0 16:00 1:53 0:00
Corey Trivino 0 1 1 1 0 2 4 0 1 1 15/26 18:12 2:38 0:00
Danton Heinen 0 0 0 1 0 2 4 0 2 0 0/0 16:43 2:38 0:00
Dean Kukan 0 0 0 0 0 2 0 2 0 0 0/0 15:04 0:00 3:08
Dominic Turgeon 0 0 0 0 0 0 0 0 0 1 3/7 11:23 0:10 3:41
Dylan DeMelo 0 0 0 0 0 1 0 2 0 0 0/0 18:30 0:00 3:08
Jakub Vrana 0 1 1 0 0 1 1 0 0 0 1/1 14:09 0:10 1:53
Kole Sherwood 0 0 0 0 2 0 0 0 0 0 0/0 7:59 0:00 0:00
Mason Appleton 0 1 1 0 0 3 0 0 0 0 8/12 13:59 0:00 1:53
Mattias Tedenby 1 0 1 1 0 5 4 0 2 1 0/0 21:10 1:53 3:41
Peter Holland 0 0 0 1 0 1 1 0 0 1 6/18 16:26 1:53 0:23
Sergey Tolchinsky 1 0 1 0 0 2 0 0 0 0 0/1 7:32 0:00 0:00
Ty Rattie 1 0 1 0 0 1 0 0 1 0 0/0 11:12 0:10 0:00
Viktor Loov 0 1 1 2 2 1 0 2 1 0 0/0 24:14 3:09 0:00
Players Stats for Rampage
Player Name G A P +/- PIM S H SB GA TA FO MP PP MP PK MP
------------------------------------------------------------------------------------
Adam Clendening 0 0 0 0 0 0 0 0 0 0 0/0 16:18 0:00 2:52
Artturi Lehkonen 0 0 0 0 0 2 0 0 0 0 1/1 9:52 0:00 1:30
Brendan Lemieux 0 2 2 1 2 4 1 0 1 1 4/5 22:28 3:17 2:26
Collin Miller 0 0 0 0 0 0 1 2 0 0 0/0 14:38 1:48 1:49
Denis Gurianov 0 0 0 -1 0 4 1 0 0 0 0/0 16:21 2:40 0:00
Dylan Gambrell 0 0 0 0 0 0 2 0 0 0 2/3 8:37 0:00 0:13
Ethan Bear 0 0 0 -1 0 1 1 0 0 0 0/0 19:45 4:09 0:50
Jack Roslovic 1 1 2 1 2 8 2 0 0 2 14/40 21:41 3:17 1:35
Jean-Sebastien Dea 0 0 0 -2 0 3 4 1 0 0 0/2 14:19 2:40 0:55
Jordan Greenway 0 0 0 -2 0 1 3 1 0 0 1/1 10:49 0:00 0:16
Kevan Miller 0 0 0 -1 0 2 1 1 0 0 0/0 22:33 1:48 0:00
Martin Marincin 0 0 0 -1 0 1 0 1 1 1 0/0 20:21 0:00 2:52
Mathieu Joseph 0 0 0 -2 0 1 0 1 1 0 0/0 10:58 0:00 0:29
Petr Straka 0 0 0 0 0 3 1 0 0 0 0/0 8:20 0:00 0:00
Ryan Lomberg 0 0 0 -1 2 1 6 0 0 0 1/1 16:20 2:40 0:00
T.J. Tynan 0 0 0 -1 0 0 1 0 0 1 9/13 15:26 0:00 1:58
Timo Meier 1 1 2 1 0 4 0 1 0 0 0/0 20:03 3:17 0:00
Tony DeAngelo 0 0 0 -1 2 3 0 0 2 3 0/0 26:26 4:09 0:59
3 Stars
1 - Igor Shesterkin (Lav)
2 - Mattias Tedenby (Lav)
3 - Brandon Pirri (Lav)
Power Play
Rocket - 1 on 4 Attempt(s) - 25.00%
Rampage - 0 on 3 Attempt(s) - 0.00%
Penalty Kill
Rocket - 3 on 3 Attempt(s) - 100.00%
- Score 0 goal in Penalty Kill
Rampage - 3 on 4 Attempt(s) - 75.00%
- Score 0 goal in Penalty Kill
Team Stat
Rocket - Hits : 18 - Faceoff Wins : 34 - Blocked Shots : 14 - Penalty Minutes : 6
Rampage - Hits : 24 - Faceoff Wins : 32 - Blocked Shots : 8 - Penalty Minutes : 8
Official
Referees : Eric Furlatt and Brandon Blandina
Linesman : Tony Sericolo and Travis Toomey
Game Notes
No Game Note
Finance
Level 1 -- Attendance: 1857 (92.85%) -- Ticket Income $64,995
Level 2 -- Attendance: 900 (90.00%) -- Ticket Income $13,500
Total Attendance: 2757 (91.90%)
Total Ticket Income: $78,495
Other Income: $3,925
Total Income: $82,420
Rocket
5 vs 5 Forward
Center Left Wing Right Wing Time % Phy DF OF
1 Corey Trivino Adrian Kempe Mattias Tedenby 35 0 1 4
2 Peter Holland Brandon Pirri Danton Heinen 35 0 1 4
3 Mason Appleton Jakub Vrana Ty Rattie 20 0 2 3
4 Dominic Turgeon Sergey Tolchinsky Kole Sherwood 10 0 3 2
5 vs 5 Defense
Defense Defense Time % Phy DF OF
1 Viktor Loov Andrei Mironov 40 0 2 3
2 Dylan DeMelo Adam Fox 30 0 3 2
3 Andrey Pedan Dean Kukan 20 0 3 2
4 Viktor Loov Adam Fox 10 0 3 2
PowerPlay Forward
Center Left Wing Right Wing Time % Phy DF OF
1 Corey Trivino Adrian Kempe Danton Heinen 60 0 0 5
2 Peter Holland Brandon Pirri Mattias Tedenby 40 0 0 5
PowerPlay Defense
Defense Defense Time % Phy DF OF
1 Viktor Loov Adam Fox 60 0 0 5
2 Andrei Mironov Andrey Pedan 40 0 1 4
Penalty Kill 4 Players Forward
Center Wing Time % Phy DF OF
1 Dominic Turgeon Mattias Tedenby 60 0 4 1
2 Mason Appleton Jakub Vrana 40 0 5 0
Penalty Kill 4 Players Defense
Defense Defense Time % Phy DF OF
1 Dean Kukan Dylan DeMelo 60 0 5 0
2 Andrei Mironov Andrey Pedan 40 0 5 0
Penalty Kill - 3 Players Forward
Forward Time % Phy DF OF
1 Dominic Turgeon 60 0 5 0
2 Corey Trivino 40 0 5 0
Penalty Kill - 3 Players Defense
Defense Defense Time % Phy DF OF
1 Viktor Loov Dylan DeMelo 60 0 5 0
2 Andrei Mironov Andrey Pedan 40 0 5 0
4 vs 4 Forward
Center Wing Time % Phy DF OF
1 Mattias Tedenby Brandon Pirri 60 0 2 3
2 Corey Trivino Danton Heinen 40 0 2 3
4 vs 4 Defense
Defense Defense Time % Phy DF OF
1 Viktor Loov Dean Kukan 60 0 2 3
2 Andrei Mironov Andrey Pedan 40 0 2 3
Last Minutes Offensive
Center Left Wing Right Wing Defense Defense
Corey Trivino Adrian Kempe Danton Heinen Viktor Loov Adam Fox
Last Minutes Defensive
Center Left Wing Right Wing Defense Defense
Corey Trivino Brandon Pirri Mattias Tedenby Viktor Loov Dylan DeMelo
Goaltenders
Starting : Igor Shesterkin
Backup : Jean-Francois Berube
Extra Forwards
Normal : Adrian Kempe, Danton Heinen, Mattias Tedenby - PP : Danton Heinen, Adrian Kempe - PK : Peter Holland
Extra Defensemen
Normal : Adam Fox, Viktor Loov, Andrei Mironov - PP : Adam Fox - PK : Dylan DeMelo, Andrei Mironov
Penalty Shots
Mattias Tedenby, Adrian Kempe, Corey Trivino, Danton Heinen, Viktor Loov
Scratches
Daniel Sprong (Healthy), Guillaume Brisebois (Healthy), Jack Glover (Healthy), Ryan Collins (Healthy), Tyler Lewington (Healthy)
Karson Kuhlman (Healthy), Luke Kunin (Healthy), Mikhail Maltsev (Healthy), Blake Hillman (Healthy)
Rampage
5 vs 5 Forward
Center Left Wing Right Wing Time % Phy DF OF
1 Jack Roslovic Brendan Lemieux Timo Meier 40 1 2 2
2 T.J. Tynan Ryan Lomberg Denis Gurianov 30 1 2 2
3 Jean-Sebastien Dea Jordan Greenway Mathieu Joseph 20 1 2 2
4 Dylan Gambrell Artturi Lehkonen Petr Straka 10 1 2 2
5 vs 5 Defense
Defense Defense Time % Phy DF OF
1 Kevan Miller Tony DeAngelo 40 1 2 2
2 Martin Marincin Ethan Bear 30 1 2 2
3 Adam Clendening Collin Miller 20 1 2 2
4 Adam Clendening Martin Marincin 10 1 2 2
PowerPlay Forward
Center Left Wing Right Wing Time % Phy DF OF
1 Jack Roslovic Brendan Lemieux Timo Meier 60 1 2 2
2 Jean-Sebastien Dea Ryan Lomberg Denis Gurianov 40 1 2 2
PowerPlay Defense
Defense Defense Time % Phy DF OF
1 Ethan Bear Tony DeAngelo 60 1 2 2
2 Kevan Miller Collin Miller 40 1 2 2
Penalty Kill 4 Players Forward
Center Wing Time % Phy DF OF
1 Jack Roslovic Brendan Lemieux 60 1 2 2
2 T.J. Tynan Mathieu Joseph 40 1 2 2
Penalty Kill 4 Players Defense
Defense Defense Time % Phy DF OF
1 Martin Marincin Adam Clendening 60 1 2 2
2 Tony DeAngelo Collin Miller 40 1 2 2
Penalty Kill - 3 Players Forward
Forward Time % Phy DF OF
1 T.J. Tynan 60 1 2 2
2 Jack Roslovic 40 1 2 2
Penalty Kill - 3 Players Defense
Defense Defense Time % Phy DF OF
1 Martin Marincin Tony DeAngelo 60 1 2 2
2 Adam Clendening Collin Miller 40 1 2 2
4 vs 4 Forward
Center Wing Time % Phy DF OF
1 Jean-Sebastien Dea Petr Straka 60 1 2 2
2 T.J. Tynan Timo Meier 40 1 2 2
4 vs 4 Defense
Defense Defense Time % Phy DF OF
1 Martin Marincin Tony DeAngelo 60 1 2 2
2 Adam Clendening Collin Miller 40 1 2 2
Last Minutes Offensive
Center Left Wing Right Wing Defense Defense
Jack Roslovic Brendan Lemieux Timo Meier Ethan Bear Tony DeAngelo
Last Minutes Defensive
Center Left Wing Right Wing Defense Defense
T.J. Tynan Brendan Lemieux Mathieu Joseph Martin Marincin Adam Clendening
Goaltenders
Starting : Elvis Merzlikins
Backup : Brandon Halverson
Extra Forwards
Normal : Mathieu Joseph, Jack Roslovic, T.J. Tynan - PP : Mathieu Joseph, Ryan Lomberg - PK : Jack Roslovic
Extra Defensemen
Normal : Kevan Miller, Ethan Bear, Adam Clendening - PP : Kevan Miller - PK : Ethan Bear, Adam Clendening
Penalty Shots
Jack Roslovic, Petr Straka, T.J. Tynan, Jean-Sebastien Dea, Timo Meier
Scratches
Dylan Sikura (Healthy), Jacob De La Rose (Sports Hernia Injury), Nikita Nesterov (Healthy), Roland McKeown (Separated Left Shoulder Injury), Scott Wilson (Healthy)
Nicholas Caamano (Healthy), Eamon McAdam (Healthy)
% Time on Ice - Rocket
Lines # - Real PCT - Wanted PCT - Time Play
Normal Forward
1 - 32% - 35% - 15:37
2 - 31% - 35% - 15:11
3 - 22% - 20% - 11:02
4 - 15% - 10% - 7:32
Normal Defense
1 - 37% - 40% - 18:23
2 - 34% - 30% - 16:56
3 - 24% - 20% - 11:56
4 - 4% - 10% - 2:07
PP Forward
1 - 60% - 60% - 2:48
2 - 40% - 40% - 1:53
PP Defense
1 - 67% - 60% - 3:09
2 - 33% - 40% - 1:32
PK Forward
1 - 68% - 60% - 4:04
2 - 32% - 40% - 1:53
PK Defense
1 - 53% - 60% - 3:08
2 - 47% - 40% - 2:49
PK3 Forward
1 - 0% - 60%
2 - 0% - 40%
PK3 Defense
1 - 0% - 60%
2 - 0% - 40%
44 Forward
1 - 0% - 60%
2 - 0% - 40%
44 Defense
1 - 0% - 60%
2 - 0% - 40%
Last Minute Offensive - 0:00
Last Minute Defensive - 0:00
Total
Forward - 60:00
Defense - 60:00
|
% Time on Ice - Rampage
Lines # - Real PCT - Wanted PCT - Time Play
Normal Forward
1 - 34% - 40% - 16:52
2 - 28% - 30% - 13:41
3 - 21% - 20% - 10:29
4 - 17% - 10% - 8:20
Normal Defense
1 - 42% - 40% - 20:52
2 - 31% - 30% - 15:04
3 - 20% - 20% - 9:57
4 - 7% - 10% - 3:29
PP Forward
1 - 55% - 60% - 3:17
2 - 45% - 40% - 2:40
PP Defense
1 - 70% - 60% - 4:09
2 - 30% - 40% - 1:48
PK Forward
1 - 90% - 60% - 4:12
2 - 10% - 40% - 0:29
PK Defense
1 - 61% - 60% - 2:52
2 - 39% - 40% - 1:49
PK3 Forward
1 - 0% - 60%
2 - 0% - 40%
PK3 Defense
1 - 0% - 60%
2 - 0% - 40%
44 Forward
1 - 0% - 60%
2 - 0% - 40%
44 Defense
1 - 0% - 60%
2 - 0% - 40%
Last Minute Offensive - 0:00
Last Minute Defensive - 0:00
Total
Forward - 60:00
Defense - 60:00
|
Play-by-Play
1st period
0:01 of 1st period - Corey Trivino wins face-off versus Jack Roslovic in neutral zone.
0:36 of 1st period - Slapshot by Denis Gurianov.
0:36 of 1st period - Shot Misses the Net.
0:48 of 1st period - Wrist shot by Jean-Sebastien Dea.
0:48 of 1st period - Shot Misses the Net.
0:50 of 1st period - Slapshot by Ethan Bear.
0:50 of 1st period - Stopped by Igor Shesterkin without a rebound.
0:51 of 1st period - Dylan Gambrell wins face-off versus Mason Appleton in Rocket zone.
1:16 of 1st period - Wrist shot by Timo Meier.
1:16 of 1st period - Shot Misses the Net.
1:18 of 1st period - Slapshot by Martin Marincin.
1:18 of 1st period - Shot Misses the Net.
1:26 of 1st period - Slapshot by Dylan DeMelo.
1:26 of 1st period - Shot Misses the Net.
2:55 of 1st period - Off-side.
2:56 of 1st period - T.J. Tynan wins face-off versus Corey Trivino in neutral zone.
3:44 of 1st period - Slapshot by Artturi Lehkonen.
3:44 of 1st period - Stopped by Igor Shesterkin with a rebound.
3:46 of 1st period - Slapshot by Petr Straka.
3:46 of 1st period - Shot Blocked by Andrei Mironov.
4:07 of 1st period - Dylan DeMelo is hit by Jordan Greenway.
4:33 of 1st period - Snap shot by Mattias Tedenby.
4:33 of 1st period - Stopped by Elvis Merzlikins without a rebound.
4:34 of 1st period - Peter Holland wins face-off versus Jack Roslovic in Rampage zone.
5:04 of 1st period - Dylan DeMelo is hit by Jordan Greenway and loses puck.
5:23 of 1st period - Jakub Vrana is hit by Ryan Lomberg and loses puck.
5:47 of 1st period - Dean Kukan is hit by Kevan Miller and loses puck.
5:54 of 1st period - Minor Penalty to Kole Sherwood for Tripping.
5:55 of 1st period - Jack Roslovic wins face-off versus Dominic Turgeon in Rocket zone.
7:03 of 1st period - Slapshot by Dylan DeMelo.
7:03 of 1st period - Shot Blocked by Collin Miller.
7:05 of 1st period - Slapshot by Dean Kukan.
7:05 of 1st period - Stopped by Elvis Merzlikins without a rebound.
7:06 of 1st period - Mason Appleton wins face-off versus Jack Roslovic in Rampage zone.
7:15 of 1st period - Wrist shot by Jakub Vrana.
7:15 of 1st period - Shot Hit the Post.
7:31 of 1st period - Dominic Turgeon is hit by Denis Gurianov and loses puck.
7:54 of 1st period - Penalty to Kole Sherwood is over, Kole Sherwood is back on ice.
8:00 of 1st period - Andrei Mironov is hit by Ryan Lomberg and loses puck.
8:11 of 1st period - Kole Sherwood is hit by Petr Straka.
8:21 of 1st period - Slapshot by Adam Fox.
8:21 of 1st period - Deflect By Jakub Vrana.
8:21 of 1st period - Shot Misses the Net.
8:21 of 1st period - Puck is out of play.
8:22 of 1st period - Peter Holland wins face-off versus Jack Roslovic in Rampage zone.
8:25 of 1st period - Slapshot by Danton Heinen.
8:25 of 1st period - Stopped by Elvis Merzlikins with a rebound.
8:35 of 1st period - Wrist shot by Brandon Pirri.
8:35 of 1st period - Deflect By Peter Holland.
8:35 of 1st period - Shot Misses the Net.
8:35 of 1st period - Puck is out of play.
8:36 of 1st period - Corey Trivino wins face-off versus Jean-Sebastien Dea in Rampage zone.
8:41 of 1st period - Snap shot by Mattias Tedenby.
8:41 of 1st period - Stopped by Elvis Merzlikins with a rebound.
8:43 of 1st period - Slapshot by Mattias Tedenby.
8:43 of 1st period - Goal by Mattias Tedenby - Rocket : 1 - Rampage : 0.
8:44 of 1st period - Jack Roslovic wins face-off versus Corey Trivino in neutral zone.
8:49 of 1st period - Snap shot by Brendan Lemieux.
8:49 of 1st period - Stopped by Igor Shesterkin without a rebound.
8:50 of 1st period - Corey Trivino wins face-off versus Jack Roslovic in Rocket zone.
9:47 of 1st period - Jakub Vrana is hit by Jean-Sebastien Dea and loses puck.
10:27 of 1st period - Wrist shot by T.J. Tynan.
10:27 of 1st period - Shot Misses the Net.
10:35 of 1st period - Snap shot by Denis Gurianov.
10:35 of 1st period - Shot Misses the Net.
11:27 of 1st period - Collin Miller is hit by Corey Trivino and loses puck.
11:47 of 1st period - Off-side.
11:48 of 1st period - Ryan Lomberg wins face-off versus Peter Holland in neutral zone.
11:50 of 1st period - Off-side.
11:51 of 1st period - Peter Holland wins face-off versus Jack Roslovic in neutral zone.
12:04 of 1st period - Slapshot by Brandon Pirri.
12:04 of 1st period - Stopped by Elvis Merzlikins without a rebound.
12:05 of 1st period - Jack Roslovic wins face-off versus Corey Trivino in Rampage zone.
12:14 of 1st period - Snap shot by Jack Roslovic.
12:14 of 1st period - Shot Misses the Net.
12:16 of 1st period - Wrist shot by Timo Meier.
12:16 of 1st period - Stopped by Igor Shesterkin with a rebound.
12:18 of 1st period - Slapshot by Kevan Miller.
12:18 of 1st period - Stopped by Igor Shesterkin with a rebound.
12:20 of 1st period - Slapshot by Brendan Lemieux.
12:20 of 1st period - Shot Blocked by Andrei Mironov.
12:35 of 1st period - Viktor Loov is hit by Ryan Lomberg and loses puck.
12:52 of 1st period - Snap shot by Jean-Sebastien Dea.
12:52 of 1st period - Stopped by Igor Shesterkin without a rebound.
12:53 of 1st period - Mason Appleton wins face-off versus Jean-Sebastien Dea in Rocket zone.
13:06 of 1st period - Snap shot by Jordan Greenway.
13:06 of 1st period - Stopped by Igor Shesterkin with a rebound.
13:08 of 1st period - Snap shot by Mathieu Joseph.
13:08 of 1st period - Shot Misses the Net.
13:10 of 1st period - Slapshot by Martin Marincin.
13:10 of 1st period - Shot Misses the Net.
13:14 of 1st period - Snap shot by Mathieu Joseph.
13:14 of 1st period - Shot Misses the Net.
13:20 of 1st period - Snap shot by Jean-Sebastien Dea.
13:20 of 1st period - Stopped by Igor Shesterkin with a rebound.
13:22 of 1st period - Slapshot by Tony DeAngelo.
13:22 of 1st period - Stopped by Igor Shesterkin without a rebound.
13:23 of 1st period - Jack Roslovic wins face-off versus Corey Trivino in Rocket zone.
13:47 of 1st period - Off-side.
13:48 of 1st period - T.J. Tynan wins face-off versus Peter Holland in neutral zone.
15:03 of 1st period - Snap shot by Mason Appleton.
15:03 of 1st period - Stopped by Elvis Merzlikins with a rebound.
15:05 of 1st period - Slapshot by Andrei Mironov.
15:05 of 1st period - Stopped by Elvis Merzlikins without a rebound.
15:06 of 1st period - Mason Appleton wins face-off versus Jack Roslovic in Rampage zone.
15:38 of 1st period - Slapshot by Brandon Pirri.
15:38 of 1st period - Stopped by Elvis Merzlikins with a rebound.
15:40 of 1st period - Snap shot by Brandon Pirri.
15:40 of 1st period - Goal by Brandon Pirri - Rocket : 2 - Rampage : 0.
15:41 of 1st period - Corey Trivino wins face-off versus Jack Roslovic in neutral zone.
16:56 of 1st period - Backhand shot by Jack Roslovic.
16:56 of 1st period - Shot Blocked by Andrey Pedan.
17:14 of 1st period - Snap shot by Corey Trivino.
17:14 of 1st period - Stopped by Elvis Merzlikins without a rebound.
17:15 of 1st period - Dylan Gambrell wins face-off versus Corey Trivino in Rampage zone.
17:22 of 1st period - Snap shot by Mattias Tedenby.
17:22 of 1st period - Stopped by Elvis Merzlikins with a rebound.
17:24 of 1st period - Slapshot by Andrei Mironov.
17:24 of 1st period - Shot Blocked by Collin Miller.
17:26 of 1st period - Slapshot by Viktor Loov.
17:26 of 1st period - Stopped by Elvis Merzlikins with a rebound.
17:28 of 1st period - Wrist shot by Andrei Mironov.
17:28 of 1st period - Shot Misses the Net.
17:30 of 1st period - Slapshot by Mattias Tedenby.
17:30 of 1st period - Stopped by Elvis Merzlikins with a rebound.
18:33 of 1st period - Snap shot by Denis Gurianov.
18:33 of 1st period - Shot Hit the Post.
18:59 of 1st period - Minor Penalty to Viktor Loov for Tripping.
19:00 of 1st period - Dominic Turgeon wins face-off versus Jack Roslovic in Rocket zone.
Goals for this period are 2 for Rocket vs 0 for Rampage.
Shots for this period are 14 for Rocket vs 9 for Rampage.
2nd period
0:01 of 2nd period - Jack Roslovic wins face-off versus Dominic Turgeon in neutral zone.
0:59 of 2nd period - Penalty to Viktor Loov is over, Viktor Loov is back on ice.
1:04 of 2nd period - Snap shot by Petr Straka.
1:04 of 2nd period - Shot Blocked by Viktor Loov.
1:06 of 2nd period - Slapshot by Kevan Miller.
1:06 of 2nd period - Shot Misses the Net.
1:08 of 2nd period - Snap shot by Dylan Gambrell.
1:08 of 2nd period - Shot Misses the Net.
1:10 of 2nd period - Slapshot by Adam Clendening.
1:10 of 2nd period - Shot Blocked by Andrei Mironov.
1:12 of 2nd period - Snap shot by Petr Straka.
1:12 of 2nd period - Stopped by Igor Shesterkin with a rebound.
1:14 of 2nd period - Snap shot by Petr Straka.
1:14 of 2nd period - Stopped by Igor Shesterkin with a rebound.
1:16 of 2nd period - Wrist shot by Petr Straka.
1:16 of 2nd period - Shot Misses the Net.
2:05 of 2nd period - Tony DeAngelo is hit by Mattias Tedenby and loses puck.
2:27 of 2nd period - Backhand shot by Artturi Lehkonen.
2:27 of 2nd period - Shot Blocked by Dylan DeMelo.
3:07 of 2nd period - Icing by Martin Marincin.
3:08 of 2nd period - Corey Trivino wins face-off versus T.J. Tynan in Rampage zone.
3:31 of 2nd period - Wrist shot by Denis Gurianov.
3:31 of 2nd period - Deflect By Corey Trivino.
3:31 of 2nd period - Stopped by Igor Shesterkin without a rebound.
3:32 of 2nd period - Jack Roslovic wins face-off versus Peter Holland in Rocket zone.
3:35 of 2nd period - Snap shot by Jack Roslovic.
3:35 of 2nd period - Shot Blocked by Andrey Pedan.
3:37 of 2nd period - Backhand shot by Kevan Miller.
3:37 of 2nd period - Deflect By Brandon Pirri.
3:37 of 2nd period - Stopped by Igor Shesterkin with a rebound.
3:39 of 2nd period - Slapshot by Tony DeAngelo.
3:39 of 2nd period - Shot Blocked by Dean Kukan.
3:41 of 2nd period - Snap shot by Timo Meier.
3:41 of 2nd period - Shot Blocked by Andrey Pedan.
3:43 of 2nd period - Slapshot by Tony DeAngelo.
3:43 of 2nd period - Shot Blocked by Dean Kukan.
3:45 of 2nd period - Slapshot by Tony DeAngelo.
3:45 of 2nd period - Shot Misses the Net.
3:47 of 2nd period - Slapshot by Kevan Miller.
3:47 of 2nd period - Shot Misses the Net.
4:04 of 2nd period - Snap shot by Jordan Greenway.
4:04 of 2nd period - Shot Misses the Net.
4:06 of 2nd period - Slapshot by Jean-Sebastien Dea.
4:06 of 2nd period - Shot Misses the Net.
4:54 of 2nd period - Slapshot by Mattias Tedenby.
4:54 of 2nd period - Shot Misses the Net.
4:56 of 2nd period - Snap shot by Dean Kukan.
4:56 of 2nd period - Stopped by Elvis Merzlikins without a rebound.
4:57 of 2nd period - T.J. Tynan wins face-off versus Peter Holland in Rampage zone.
5:12 of 2nd period - Wrist shot by Andrei Mironov.
5:12 of 2nd period - Deflect By Danton Heinen.
5:12 of 2nd period - Shot Misses the Net.
5:12 of 2nd period - Puck is out of play.
5:13 of 2nd period - Mason Appleton wins face-off versus Jack Roslovic in Rampage zone.
5:18 of 2nd period - Slapshot by Mason Appleton.
5:18 of 2nd period - Stopped by Elvis Merzlikins without a rebound.
5:19 of 2nd period - Mason Appleton wins face-off versus Jack Roslovic in Rampage zone.
5:30 of 2nd period - Snap shot by Ty Rattie.
5:30 of 2nd period - Deflect By Jakub Vrana.
5:30 of 2nd period - Shot Misses the Net.
5:30 of 2nd period - Puck is out of play.
5:31 of 2nd period - Corey Trivino wins face-off versus Jack Roslovic in Rampage zone.
5:44 of 2nd period - Kevan Miller is hit by Corey Trivino and loses puck.
6:24 of 2nd period - Slapshot by Jean-Sebastien Dea.
6:24 of 2nd period - Shot Misses the Net.
6:28 of 2nd period - Slapshot by Mathieu Joseph.
6:28 of 2nd period - Shot Blocked by Dylan DeMelo.
6:30 of 2nd period - Slapshot by Martin Marincin.
6:30 of 2nd period - Deflect By Mathieu Joseph.
6:30 of 2nd period - Stopped by Igor Shesterkin with a rebound.
6:40 of 2nd period - Slapshot by Adam Fox.
6:40 of 2nd period - Stopped by Elvis Merzlikins with a rebound.
6:42 of 2nd period - Slapshot by Dylan DeMelo.
6:42 of 2nd period - Deflect By Mason Appleton.
6:42 of 2nd period - Stopped by Elvis Merzlikins with a rebound.
6:44 of 2nd period - Slapshot by Adam Fox.
6:44 of 2nd period - Deflect By Mason Appleton.
6:44 of 2nd period - Shot Misses the Net.
6:44 of 2nd period - Puck is out of play.
6:45 of 2nd period - Jakub Vrana wins face-off versus Jack Roslovic in Rampage zone.
6:50 of 2nd period - Slapshot by Jakub Vrana.
6:50 of 2nd period - Deflect By Ty Rattie.
6:50 of 2nd period - Deflect By Jack Roslovic.
6:50 of 2nd period - Goal by Ty Rattie - Rocket : 3 - Rampage : 0.
6:51 of 2nd period - Corey Trivino wins face-off versus Jack Roslovic in neutral zone.
7:17 of 2nd period - Denis Gurianov is hit by Danton Heinen and loses puck.
7:50 of 2nd period - Slapshot by Jakub Vrana.
7:50 of 2nd period - Shot Misses the Net.
8:27 of 2nd period - Adrian Kempe is hit by Dylan Gambrell and loses puck.
8:34 of 2nd period - Adam Clendening is hit by Adrian Kempe and loses puck.
9:32 of 2nd period - Off-side.
9:33 of 2nd period - Brendan Lemieux wins face-off versus Corey Trivino in neutral zone.
9:36 of 2nd period - Slapshot by Tony DeAngelo.
9:36 of 2nd period - Shot Misses the Net.
9:38 of 2nd period - Slapshot by Kevan Miller.
9:38 of 2nd period - Deflect By Jack Roslovic.
9:38 of 2nd period - Stopped by Igor Shesterkin without a rebound.
9:39 of 2nd period - Corey Trivino wins face-off versus Jack Roslovic in Rocket zone.
9:54 of 2nd period - Snap shot by Jack Roslovic.
9:54 of 2nd period - Stopped by Igor Shesterkin without a rebound.
9:55 of 2nd period - Peter Holland wins face-off versus T.J. Tynan in Rocket zone.
10:20 of 2nd period - Corey Trivino is hit by Ethan Bear and loses puck.
10:40 of 2nd period - Off-side.
10:41 of 2nd period - Jordan Greenway wins face-off versus Mason Appleton in neutral zone.
10:44 of 2nd period - Snap shot by Jean-Sebastien Dea.
10:44 of 2nd period - Stopped by Igor Shesterkin with a rebound.
11:11 of 2nd period - Slapshot by Kevan Miller.
11:11 of 2nd period - Shot Misses the Net.
11:13 of 2nd period - Slapshot by Mathieu Joseph.
11:13 of 2nd period - Deflect By Jordan Greenway.
11:13 of 2nd period - Shot Misses the Net.
11:13 of 2nd period - Puck is out of play.
11:14 of 2nd period - Peter Holland wins face-off versus Jack Roslovic in Rocket zone.
11:40 of 2nd period - Andrei Mironov is hit by Ryan Lomberg and loses puck.
11:49 of 2nd period - Wrist shot by Ryan Lomberg.
11:49 of 2nd period - Stopped by Igor Shesterkin without a rebound.
11:50 of 2nd period - Adrian Kempe wins face-off versus Jack Roslovic in Rocket zone.
12:05 of 2nd period - Wrist shot by Jack Roslovic.
12:05 of 2nd period - Shot Misses the Net.
12:17 of 2nd period - Peter Holland is hit by Ryan Lomberg and loses puck.
12:42 of 2nd period - Slapshot by Petr Straka.
12:42 of 2nd period - Stopped by Igor Shesterkin with a rebound.
12:44 of 2nd period - Slapshot by Martin Marincin.
12:44 of 2nd period - Deflect By Brandon Pirri.
12:44 of 2nd period - Stopped by Igor Shesterkin with a rebound.
13:40 of 2nd period - Denis Gurianov is hit by Mattias Tedenby and loses puck.
14:25 of 2nd period - Mathieu Joseph is hit by Corey Trivino and loses puck.
14:32 of 2nd period - Wrist shot by Adrian Kempe.
14:32 of 2nd period - Shot Misses the Net.
14:40 of 2nd period - Snap shot by Adrian Kempe.
14:40 of 2nd period - Shot Blocked by Mathieu Joseph.
14:42 of 2nd period - Slapshot by Viktor Loov.
14:42 of 2nd period - Shot Blocked by Jean-Sebastien Dea.
14:44 of 2nd period - Wrist shot by Corey Trivino.
14:44 of 2nd period - Shot Blocked by Kevan Miller.
14:46 of 2nd period - Slapshot by Viktor Loov.
14:46 of 2nd period - Shot Misses the Net.
14:48 of 2nd period - Slapshot by Viktor Loov.
14:48 of 2nd period - Shot Misses the Net.
14:50 of 2nd period - Backhand shot by Corey Trivino.
14:50 of 2nd period - Shot Misses the Net.
14:52 of 2nd period - Slapshot by Mattias Tedenby.
14:52 of 2nd period - Shot Misses the Net.
14:54 of 2nd period - Slapshot by Andrei Mironov.
14:54 of 2nd period - Stopped by Elvis Merzlikins with a rebound.
14:56 of 2nd period - Snap shot by Corey Trivino.
14:56 of 2nd period - Stopped by Elvis Merzlikins without a rebound.
14:57 of 2nd period - Brendan Lemieux wins face-off versus Mason Appleton in Rampage zone.
15:08 of 2nd period - Snap shot by Brendan Lemieux.
15:08 of 2nd period - Shot Blocked by Adam Fox.
15:10 of 2nd period - Wrist shot by Timo Meier.
15:10 of 2nd period - Shot Misses the Net.
15:12 of 2nd period - Slapshot by Jack Roslovic.
15:12 of 2nd period - Goal by Jack Roslovic - Rocket : 3 - Rampage : 1.
15:13 of 2nd period - Mason Appleton wins face-off versus Jack Roslovic in neutral zone.
15:27 of 2nd period - Snap shot by Timo Meier.
15:27 of 2nd period - Stopped by Igor Shesterkin without a rebound.
15:28 of 2nd period - Peter Holland wins face-off versus T.J. Tynan in Rocket zone.
15:28 of 2nd period - Peter Holland is hit by T.J. Tynan.
15:34 of 2nd period - Ryan Lomberg is hit by Danton Heinen and loses puck.
16:43 of 2nd period - Slapshot by Dylan DeMelo.
16:43 of 2nd period - Stopped by Elvis Merzlikins without a rebound.
16:44 of 2nd period - Jack Roslovic wins face-off versus Peter Holland in Rampage zone.
16:44 of 2nd period - Jack Roslovic is hit by Danton Heinen.
16:50 of 2nd period - Snap shot by Brandon Pirri.
16:50 of 2nd period - Shot Misses the Net.
17:02 of 2nd period - Brandon Pirri is hit by Jack Roslovic and loses puck.
17:45 of 2nd period - Wrist shot by Danton Heinen.
17:45 of 2nd period - Stopped by Elvis Merzlikins without a rebound.
17:46 of 2nd period - Corey Trivino wins face-off versus Jack Roslovic in Rampage zone.
17:47 of 2nd period - Snap shot by Mattias Tedenby.
17:47 of 2nd period - Deflect By Corey Trivino.
17:47 of 2nd period - Shot Blocked by Timo Meier.
17:47 of 2nd period - Puck is out of play.
17:48 of 2nd period - Corey Trivino wins face-off versus Jack Roslovic in Rampage zone.
18:01 of 2nd period - Wrist shot by Adrian Kempe.
18:01 of 2nd period - Shot Misses the Net.
18:26 of 2nd period - Snap shot by Jack Roslovic.
18:26 of 2nd period - Stopped by Igor Shesterkin with a rebound.
18:28 of 2nd period - Snap shot by Jack Roslovic.
18:28 of 2nd period - Stopped by Igor Shesterkin with a rebound.
18:30 of 2nd period - Wrist shot by Brendan Lemieux.
18:30 of 2nd period - Stopped by Igor Shesterkin with a rebound.
18:32 of 2nd period - Slapshot by Brendan Lemieux.
18:32 of 2nd period - Shot Misses the Net.
18:50 of 2nd period - Snap shot by Jack Roslovic.
18:50 of 2nd period - Shot Blocked by Andrei Mironov.
18:52 of 2nd period - Snap shot by Timo Meier.
18:52 of 2nd period - Deflect By Viktor Loov.
18:52 of 2nd period - Goal by Timo Meier - Rocket : 3 - Rampage : 2.
18:53 of 2nd period - T.J. Tynan wins face-off versus Corey Trivino in neutral zone.
19:04 of 2nd period - Snap shot by Denis Gurianov.
19:04 of 2nd period - Stopped by Igor Shesterkin without a rebound.
19:05 of 2nd period - T.J. Tynan wins face-off versus Peter Holland in Rocket zone.
19:09 of 2nd period - Minor Penalty to Adam Fox for Tripping.
19:10 of 2nd period - Dominic Turgeon wins face-off versus Jack Roslovic in Rocket zone.
19:36 of 2nd period - Mattias Tedenby is hit by Jean-Sebastien Dea.
Goals for this period are 1 for Rocket vs 2 for Rampage.
Shots for this period are 9 for Rocket vs 18 for Rampage.
3rd period
0:01 of 3rd period - Jack Roslovic wins face-off versus Dominic Turgeon in neutral zone.
0:13 of 3rd period - Wrist shot by Tony DeAngelo.
0:13 of 3rd period - Shot Misses the Net.
0:27 of 3rd period - Mattias Tedenby is hit by Jean-Sebastien Dea and loses puck.
0:38 of 3rd period - Slapshot by Denis Gurianov.
0:38 of 3rd period - Stopped by Igor Shesterkin with a rebound.
1:09 of 3rd period - Penalty to Adam Fox is over, Adam Fox is back on ice.
1:17 of 3rd period - Ethan Bear is hit by Jakub Vrana and loses puck.
1:52 of 3rd period - Snap shot by Artturi Lehkonen.
1:52 of 3rd period - Stopped by Igor Shesterkin without a rebound.
1:53 of 3rd period - Brendan Lemieux wins face-off versus Mason Appleton in Rocket zone.
1:54 of 3rd period - Wrist shot by Jack Roslovic.
1:54 of 3rd period - Stopped by Igor Shesterkin without a rebound.
1:55 of 3rd period - Mason Appleton wins face-off versus Jack Roslovic in Rocket zone.
2:17 of 3rd period - Minor Penalty to Jack Roslovic for Hooking.
2:18 of 3rd period - Corey Trivino wins face-off versus T.J. Tynan in Rampage zone.
2:48 of 3rd period - Off-side.
2:49 of 3rd period - T.J. Tynan wins face-off versus Peter Holland in neutral zone.
3:00 of 3rd period - Tony DeAngelo is hit by Peter Holland and loses puck.
3:05 of 3rd period - Wrist shot by Mattias Tedenby.
3:05 of 3rd period - Shot Misses the Net.
3:15 of 3rd period - Collin Miller is hit by Adrian Kempe and loses puck.
4:13 of 3rd period - Andrei Mironov is hit by Collin Miller and loses puck.
4:17 of 3rd period - Penalty to Jack Roslovic is over, Jack Roslovic is back on ice.
4:26 of 3rd period - T.J. Tynan is hit by Andrei Mironov and loses puck.
4:41 of 3rd period - Minor Penalty to Tony DeAngelo for Tripping.
4:42 of 3rd period - Jack Roslovic wins face-off versus Corey Trivino in Rampage zone.
5:09 of 3rd period - Martin Marincin is hit by Mattias Tedenby and loses puck.
6:41 of 3rd period - Penalty to Tony DeAngelo is over, Tony DeAngelo is back on ice.
7:36 of 3rd period - Sergey Tolchinsky is hit by Brendan Lemieux and loses puck.
8:57 of 3rd period - Tony DeAngelo is hit by Danton Heinen and loses puck.
9:02 of 3rd period - Wrist shot by Danton Heinen.
9:02 of 3rd period - Deflect By Brandon Pirri.
9:02 of 3rd period - Shot Misses the Net.
9:02 of 3rd period - Puck is out of play.
9:03 of 3rd period - Jack Roslovic wins face-off versus Peter Holland in Rampage zone.
9:09 of 3rd period - Off-side.
9:10 of 3rd period - Corey Trivino wins face-off versus Jack Roslovic in neutral zone.
9:21 of 3rd period - Snap shot by Brendan Lemieux.
9:21 of 3rd period - Stopped by Igor Shesterkin with a rebound.
9:23 of 3rd period - Snap shot by Brendan Lemieux.
9:23 of 3rd period - Stopped by Igor Shesterkin with a rebound.
9:25 of 3rd period - Snap shot by Brendan Lemieux.
9:25 of 3rd period - Deflect By Jack Roslovic.
9:25 of 3rd period - Stopped by Igor Shesterkin with a rebound.
9:37 of 3rd period - Slapshot by Tony DeAngelo.
9:37 of 3rd period - Stopped by Igor Shesterkin without a rebound.
9:38 of 3rd period - T.J. Tynan wins face-off versus Peter Holland in Rocket zone.
10:18 of 3rd period - Slapshot by Peter Holland.
10:18 of 3rd period - Stopped by Elvis Merzlikins without a rebound.
10:19 of 3rd period - Corey Trivino wins face-off versus Brendan Lemieux in Rampage zone.
10:46 of 3rd period - Dylan DeMelo is hit by Jean-Sebastien Dea and loses puck.
11:35 of 3rd period - Slapshot by T.J. Tynan.
11:35 of 3rd period - Deflect By Denis Gurianov.
11:35 of 3rd period - Stopped by Igor Shesterkin with a rebound.
11:47 of 3rd period - Wrist shot by Corey Trivino.
11:47 of 3rd period - Shot Blocked by Martin Marincin.
11:49 of 3rd period - Minor Penalty to Ryan Lomberg for Holding.
11:50 of 3rd period - Corey Trivino wins face-off versus Jack Roslovic in Rampage zone.
12:22 of 3rd period - Slapshot by Adam Fox.
12:22 of 3rd period - Goal by Adam Fox - Rocket : 4 - Rampage : 2.
12:23 of 3rd period - Corey Trivino wins face-off versus Jack Roslovic in neutral zone.
12:29 of 3rd period - Icing by Jack Roslovic.
12:30 of 3rd period - Jack Roslovic wins face-off versus Corey Trivino in Rampage zone.
12:43 of 3rd period - Martin Marincin is hit by Mattias Tedenby and loses puck.
13:24 of 3rd period - Snap shot by Timo Meier.
13:24 of 3rd period - Stopped by Igor Shesterkin with a rebound.
13:30 of 3rd period - Snap shot by Andrei Mironov.
13:30 of 3rd period - Stopped by Elvis Merzlikins with a rebound.
13:32 of 3rd period - Snap shot by Jakub Vrana.
13:32 of 3rd period - Stopped by Elvis Merzlikins without a rebound.
13:33 of 3rd period - T.J. Tynan wins face-off versus Peter Holland in Rampage zone.
13:48 of 3rd period - Adam Fox is hit by Ryan Lomberg.
14:24 of 3rd period - Snap shot by Adam Fox.
14:24 of 3rd period - Stopped by Elvis Merzlikins without a rebound.
14:25 of 3rd period - Dominic Turgeon wins face-off versus Dylan Gambrell in Rampage zone.
14:26 of 3rd period - Snap shot by Sergey Tolchinsky.
14:26 of 3rd period - Stopped by Elvis Merzlikins without a rebound.
14:27 of 3rd period - Artturi Lehkonen wins face-off versus Sergey Tolchinsky in Rampage zone.
14:32 of 3rd period - Andrei Mironov is hit by Dylan Gambrell and loses puck.
14:52 of 3rd period - Dylan Gambrell is hit by Corey Trivino and loses puck.
16:20 of 3rd period - Off-side.
16:21 of 3rd period - Jack Roslovic wins face-off versus Corey Trivino in neutral zone.
17:50 of 3rd period - Slapshot by Sergey Tolchinsky.
17:50 of 3rd period - Deflect By Dominic Turgeon.
17:50 of 3rd period - Shot Blocked by Jordan Greenway.
17:50 of 3rd period - Puck is out of play.
17:51 of 3rd period - Mason Appleton wins face-off versus Jack Roslovic in Rampage zone.
18:00 of 3rd period - Mason Appleton is hit by Jack Roslovic and loses puck.
18:17 of 3rd period - Adam Fox is hit by Jordan Greenway and loses puck.
18:38 of 3rd period - Off-side.
18:39 of 3rd period - T.J. Tynan wins face-off versus Dominic Turgeon in neutral zone.
19:02 of 3rd period - Wrist shot by Tony DeAngelo.
19:02 of 3rd period - Stopped by Igor Shesterkin with a rebound.
19:04 of 3rd period - Slapshot by Denis Gurianov.
19:04 of 3rd period - Shot Misses the Net.
19:06 of 3rd period - Snap shot by Martin Marincin.
19:06 of 3rd period - Shot Blocked by Viktor Loov.
19:26 of 3rd period - Backhand shot by Sergey Tolchinsky.
19:26 of 3rd period - Goal by Sergey Tolchinsky - Rocket : 5 - Rampage : 2.
19:27 of 3rd period - Brendan Lemieux wins face-off versus Peter Holland in neutral zone.
19:34 of 3rd period - Slapshot by Jack Roslovic.
19:34 of 3rd period - Stopped by Igor Shesterkin without a rebound.
19:35 of 3rd period - Jack Roslovic wins face-off versus Peter Holland in Rocket zone.
19:49 of 3rd period - Minor Penalty to Brendan Lemieux for Hooking.
19:50 of 3rd period - Jack Roslovic wins face-off versus Corey Trivino in Rampage zone.
19:50 of 3rd period - Jack Roslovic is hit by Adrian Kempe.
Goals for this period are 2 for Rocket vs 0 for Rampage.
Shots for this period are 7 for Rocket vs 11 for Rampage.
Output by the SimonT Hockey Simulator (STHS) for Francois Prevost